 Dungeon Crawl Stone Soup version 0.21-a0-442-g848f44b (webtiles) character file.

2 slep the Covered (level 1, -1/11 HPs)
             Began as a Halfling Wanderer on Nov 16, 2017.
             Slain by a rat (3 damage)
             ... on level 1 of the Dungeon.
             The game lasted 00:00:59 (31 turns).

slep the Covered (Halfling Wanderer)                  Turns: 31, Time: 00:00:59

Health: -1/11      AC:  2    Str: 12    XL:     1   Next: 33%
Magic:  3/3        EV: 13    Int: 12    God:
Gold:   0          SH:  0    Dex: 12    Spells: 3/4 levels left

rFire    . . .     SeeInvis .   e - +0 club
rCold    . . .     Gourm    .   (shield restricted)
rNeg     . . .     Faith    .   d - +0 robe
rPois    .         Spirit   .   (no helmet)
rElec    .         Reflect  .   (no cloak)
rCorr    .         Harm     .   (no gloves)
MR       .....                  (no boots)
Stlth    +.........             (no amulet)
HPRegen  0.03/turn              (no ring)
MPRegen  0.08/turn              (no ring)

@: no status effects
A: mutation resistance 1
a: no special abilities


You were on level 1 of the Dungeon.
You were not hungry.

You visited 1 branch of the dungeon, and saw 1 of its levels.

Inventory:

Hand Weapons
 e - a +0 club (weapon)
Armour
 d - a +0 robe (worn)
Scrolls
 c - 2 scrolls of teleportation
Books
 a - a book of Minor Magic

   Spells                             Type                      Level
   a - Magic Dart                     Conjuration                  1
   b - Blink                          Translocation                2
   c - Call Imp                       Summoning                    2
   d - Slow                           Hexes                        2
   e - Conjure Flame                  Conjuration/Fire             3
   f - Mephitic Cloud                 Conjuration/Poison/Air       3
 b - Hetz's Disquisition on the Compass

   Spells                             Type                      Level
   a - Apportation                    Translocation                1
   b - Portal Projectile              Hexes/Translocation          3
Comestibles
 f - a bread ration


   Skills:
 + Level 3.3 Armour
   Level 1.1 Shields
 + Level 2.4 Spellcasting
   Level 1.5 Necromancy
   Level 1.0 Evocations


You had 3 spell levels left.
You knew the following spells:

 Your Spells              Type           Power        Failure   Level  Hunger
a - Apportation           Tloc           #.....       26%         1    ##.....


Dungeon Overview and Level Annotations

Branches:
Dungeon (1/15)

Altars:


Innate Abilities, Weirdness & Mutations

You are small and have problems with some larger weapons.
You are somewhat resistant to further mutation.


Message History

The kobold throws a stone.
The stone hits you.
* * * LOW HITPOINT WARNING * * *
Found a scroll labeled OTADGH XIPETZ.
The kobold throws a stone.
The stone misses you.
A rat comes into view.
The kobold throws a stone.
The stone hits you.
* * * LOW HITPOINT WARNING * * *
You see here a stone.
The kobold throws a stone.
The stone hits you but does no damage.
You see here a stone.
The kobold closely misses you.
You barely miss the kobold. The kobold closely misses you.
The rat bites you but does no damage.
You closely miss the kobold. The kobold hits you but does no damage.
The rat bites you but does no damage.
You completely miss the kobold. The kobold closely misses you.
The rat bites you but does no damage. The kobold closely misses you.
You completely miss the kobold. The rat bites you but does no damage.
The kobold misses you. The rat bites you.
You die...

###### . ..... ## #.
..... .# #.###
.....#####.### #....
............. +(...
...........
#....######.....# #
#....†...##.....##.##
#........'(...((@K..#
#........####....r......
......).......#.#.#.####
####.#.######.#+#.# .#
#.#..# #.. .# # ..##'#
#?. .# ####♣.♣## #... ..
#..<..# .... ## ##≈≈≈##


You could see a kobold and a rat.

Vanquished Creatures
  A goblin (D:1)
  A frilled lizard (D:1)
2 creatures vanquished.

Notes
Turn   | Place    | Note
-------+----------+-------------------------------------------
     0 | D:1      | slep the Halfling Wanderer began the quest for the Orb.
     0 | D:1      | slep set off with: a book of Minor Magic, Hetz's Disquisition on the Compass, a scroll of teleportation, a +0 robe, a +0 club, a bread ration
     0 | D:1      | Reached XP level 1. HP: 11/11 MP: 3/3
     0 | D:1      | Identified Hetz's Disquisition on the Compass
     2 | D:1      | Learned a level 1 spell: Apportation
    31 | D:1      | Slain by a rat

Vault maps used:
D:1:      tarquinn_simple_flora_water_e, serial_bayou_pond_c

Action                   || total
-------------------------++-------
Melee: Club              ||     8
Armor: Robe              ||     7
Dodge: Dodged            ||     7

Table legend:
 A = Spawn XP
 B = Non-spawn XP
 C = Spawn XP percentage of total XP
 D = Spawn monster count
 E = Non-spawn monster count
 F = Spawn count percentage of total count
 G = Total turns spent on level
                    A         B        C        D         E        F      G
               +---------+---------+-------+---------+---------+-------+---------
         Total |       0 |       3 |   0.0 |       0 |       2 |   0.0 |    31
               +---------+---------+-------+---------+---------+-------+---------
           D:1 |       0 |       3 |   0.0 |       0 |       2 |   0.0 |    31
               +---------+---------+-------+---------+---------+-------+---------
